[Event "Early-Titled-Tuesday-Blitz-October-03-2023"]
[Site "Chess.com"]
[Date "2023.10.03"]
[Round "1"]
[White "YEIKO2017"]
[Black "bocah_sakit"]
[Result "0-1"]
[WhiteElo "2399"]
[BlackElo "2709"]
[TimeControl "180+1"]
[EndTime "8:07:43 PDT"]
[Termination "bocah_sakit won on time"]

1. e4 e5 2. Nf3 Nc6 3. Bb5 a6 4. Ba4 Nf6 5. d4 exd4 6. O-O Bc5 7. e5 Nd5 8. c3 O-O 9. cxd4 Ba7 10. Bb3 Nce7 11. Bg5 h6 12. Bxd5 hxg5 13. Nxg5 g6 14. Bb3 d5 15. Nc3 c6 16. f4 Nf5 17.
Nf3 Ne3 18. Qd2 Nxf1 19. Rxf1 Bg4 20. f5 Re8 21. fxg6 fxg6 22. Qh6 Bf5 23. Ng5 Bxd4+ 24.
Kh1 Re7 25. Rxf5 gxf5 26. Qg6+ Rg7 27. Qe6+ Kf8 28. Qxf5+ Ke8 29. Ne6 Qd7 30. Nxg7+ Qxg7 31. e6 Qf6 32. g4 Qxf5 33. gxf5 Ke7 34. Kg2 Rg8+ 35.
Kf3 Kf6 36. Bc2 Be5 37. Ne2 Bxh2 38. Nd4 Be5 39. Nb3 b6 40. a4 Rg3+ 41. Kf2 Rh3 42. Bd1 Rh2+ 43. Kf3 Rxb2 44. a5 bxa5 45. Nc5 Bd6 46.
Nd7+ Ke7 0-1

[Event "Early-Titled-Tuesday-Blitz-October-03-2023"]
[Site "Chess.com"]
[Date "2023.10.03"]
[Round "1"]
[White "AttilaTurzo"]
[Black "nrvignesh"]
[Result "0-1"]
[WhiteElo "2468"]
[BlackElo "2831"]
[TimeControl "180+1"]
[EndTime "8:07:44 PDT"]
[Termination "nrvignesh won on time"]

1. d4 Nf6 2. Nf3 e6 3. Bf4 d5 4. e3 Bd6 5. Nbd2 O-O 6. Bd3 c5 7. c3 Bxf4 8. exf4 Qc7 9. g3 cxd4 10. Nxd4 e5 11. fxe5 Qxe5+ 12. Qe2 Qc7 13. O-O Bg4 14.
f3 Bh3 15. Rfe1 Nc6 16. Qf2 Rae8 17. N2b3 Qb6 18. Nxc6 bxc6 19. c4 Be6 20. cxd5 Bxd5 21. Qxb6 axb6 22. Kf2 Bxb3 23. axb3 Rxe1 24. Kxe1 Nd5 25.
Kd2 Nb4 26. Be4 f5 27. Bb1 Rd8+ 28. Ke2 g6 29. Ra7 Rd5 30. g4 fxg4 31. fxg4 Rd4 32. h3 Nd5 33. Ra4 Rf4 34. Be4 Rf6 35. Bxd5+ cxd5 36. Ra7 Rf4 37. Rd7 Rb4 38. Rxd5 Rxb3 39. h4 Rxb2+ 40.
Kf3 Rb3+ 41. Kf4 h6 42. h5 gxh5 43. Rxh5 Rb4+ 44. Kf3 Kg7 45. g5 hxg5 46. Rxg5+ Kf6 47. Rg8 Rd4 48. Ke3 Rd6 49. Re8 Kf7 50. Rb8 Ke6 0-1

[Event "Early-Titled-Tuesday-Blitz-October-03-2023"]
[Site "Chess.com"]
[Date "2023.10.03"]
[Round "1"]
[White "Vladimir_Zakhartsov"]
[Black "Kielinkei"]
[Result "1-0"]
[WhiteElo "2827"]
[BlackElo "2468"]
[TimeControl "180+1"]
[EndTime "8:07:44 PDT"]
[Termination "Vladimir_Zakhartsov won by resignation"]

1. e4 c5 2. Nf3 e6 3. g3 d5 4.
exd5 exd5 5. Bg2 Qe7+ 6. Kf1 Nf6 7. h3 g6 8. d4 Bg7 9. Kg1 O-O 10.
Kh2 cxd4 11. Nxd4 Nc6 12. Re1 Qd8 13. Nc3 Nxd4 14. Qxd4 Ng4+ 15. Qxg4 Bxg4 16. hxg4 d4 17. Nd5 Kh8 18. Bf4 Rc8 19. Re2 Re8 20. Rd2 Be5 21. g5 Rc5 22. c4 Rxc4 23. Rad1 Rc5 24. Rxd4 Bxd4 25. Rxd4 h6 26. gxh6 Kh7 27. Be3 Rxd5 28. Rxd5 Qf6 29. Rd7 Rxe3 30. fxe3 Kxh6 31. Rxb7 a5 32.
a4 Qe6 33. Rb5 Qxe3 34. Rxa5 f5 35. Rb5 g5 36. Rxf5 Qb3 37. a5 Qxb2 38. a6 Qa3 39. Rf6+ Kg7 40. Rc6 Kf7 41. Rc7+ Ke6 42. a7 Kf6 43.
a8=Q 1-0

[Event "Early-Titled-Tuesday-Blitz-October-03-2023"]
[Site "Chess.com"]
[Date "2023.10.03"]
[Round "1"]
[White "tdf98pantani"]
[Black "B_nn_t"]
[Result "0-1"]
[WhiteElo "2683"]
[BlackElo "2416"]
[TimeControl "180+1"]
[EndTime "8:07:44 PDT"]
[Termination "B_nn_t won by resignation"]

1. c4 g6 2. Nc3 Bg7 3. e4 c5 4. g3 Nc6 5. Bg2 Nf6 6. Nge2 O-O 7. O-O d6 8. d3 Bg4 9. f3 Bd7 10. h3 Rb8 11. f4 a6 12. Be3 b5 13. b3 h5 14. Qd2 Kh7 15. f5 Ne5 16. Nf4 bxc4 17.
dxc4 gxf5 18. Qe2 h4 19. gxh4 Rh8 20. Nfd5 Nxd5 21. Nxd5 e6 22. Nf4 Qxh4 23. exf5 exf5 24. Qf2 Qxf2+ 25. Kxf2 Ng6 26. Rad1 Be5 27. Nd3 f4 28.
Bc1 Bd4+ 29. Ke1 Rhe8+ 30. Kd2 Bf5 31. Rde1 Be3+ 32. Kc3 Bd4+ 33. Kd2 Re6 34. Rxe6 fxe6 35. Nxf4 Nxf4 36. Rxf4 Kg6 37. Be4 Be5 38. Rg4+ Kf6 39. Bxf5 exf5 40. Rh4 Rg8 41. Rh6+ Ke7 42. Kd3 Rg3+ 43.
Ke2 f4 44. Rh7+ Kf6 45. Rh8 Rg2+ 46. Kf3 Rxa2 47. Bxf4 Bxf4 48. Kxf4 Ra3 49. Rb8 a5 50. h4 a4 51. bxa4 Rxa4 52. Rf8+ Ke7 53. Rg8 Rxc4+ 54. Kg5 Rc1 55. Kh6 d5 56. h5 d4 57. Kg7 Rg1+ 58.
Kh7 Rh1 59. h6 d3 60. Rg3 c4 61. Kg7 d2 62. Re3+ Kd6 63. Re8 d1=Q 64. Rd8+ Kc5 0-1

[Event "Early-Titled-Tuesday-Blitz-October-03-2023"]
[Site "Chess.com"]
[Date "2023.10.03"]
[Round "1"]
[White "esrosenberg"]
[Black "bazar-wokzal"]
[Result "1-0"]
[WhiteElo "2375"]
[BlackElo "2640"]
[TimeControl "180+1"]
[EndTime "8:07:45 PDT"]
[Termination "esrosenberg won on time"]

1. Nf3 c5 2. c4 g6 3. g3 Bg7 4.
Bg2 Nc6 5. Nc3 Nf6 6. O-O d5 7. cxd5 Nxd5 8. Nxd5 Qxd5 9. d3 Qh5 10. Rb1 Bh3 11. Be3 Bxg2 12. Kxg2 O-O 13. a3 Rfd8 14. Qc2 Nd4 15. Bxd4 cxd4 16. Qc7 Qd5 17. Rfc1 Rd7 18. Qc4 Rad8 19. Qxd5 Rxd5 20. Rc7 R5d7 21. Rbc1 f6 22.
R1c4 e5 23. Nd2 Kf7 24. Ne4 Bf8 25. b4 Ke6 26. Rxd7 Rxd7 27. Rc8 Be7 28. Rh8 f5 29. Nd2 Bd6 30. Nc4 Bc7 31. h4 b5 32. Nd2 Bd6 33.
Nb3 Rc7 34. Kf3 Rc3 35. Nc5+ Bxc5 36. bxc5 e4+ 37. Kf4 exd3 38. exd3 Rxd3 39. Rxh7 Rxa3 40. Rb7 a6 41. Kg5 d3 42. c6 Kd6 43. Kxg6 Kxc6 44.
Rb8 d2 45. Rd8 Ra2 46. h5 Kc7 47. Rd3 b4 48. h6 b3 49. h7 d1=Q 50. Rxd1 1-0

[Event "Early-Titled-Tuesday-Blitz-October-03-2023"]
[Site "Chess.com"]
[Date "2023.10.03"]
[Round "1"]
[White "szachmistrz2500"]
[Black "Brave_spirit12"]
[Result "0-1"]
[WhiteElo "2431"]
[BlackElo "2757"]
[TimeControl "180+1"]
[EndTime "8:07:46 PDT"]
[Termination "Brave_spirit12 won by resignation"]

1. Nf3 d5 2. g3 c6 3. Bg2 h5 4. d3 g6 5. Nbd2 Bg7 6. e4 Nf6 7. Qe2 O-O 8. e5 Ng4 9. h3 Nh6 10. c3 c5 11. Nf1 Nc6 12. N1h2 d4 13. c4 Qc7 14. Bf4 Qa5+ 15. Bd2 Qb6 16. Rb1 f6 17. O-O Nf7 18. Bf4 fxe5 19. Bd2 Bf5 20. g4 hxg4 21. hxg4 Bd7 22. Nh4 Nh8 23. Be4 Nd8 24. b4 cxb4 25. Rxb4 Qf6 26. g5 Qf7 27.
Ng4 Bc6 28. Nh6+ Bxh6 29. gxh6 Kh7 30. Nf3 Ne6 31. Nxe5 Qf6 32. Nxc6 bxc6 33. f4 Nc5 34. Qg2 Nf7 35. Rb2 Nd6 36. Bc1 Ndxe4 37. dxe4 Nd3 38. Rc2 e5 39. f5 Nxc1 40. fxg6+ Qxg6 41. Qxg6+ Kxg6 42. Rxf8 Rxf8 43. Rxc1 Kxh6 44. Rb1 Rf4 45. Rb7 Rxe4 46. Rxa7 Re2 47. Rc7 d3 48. Rxc6+ Kg5 0-1

[Event "Early-Titled-Tuesday-Blitz-October-03-2023"]
[Site "Chess.com"]
[Date "2023.10.03"]
[Round "1"]
[White "C_K_G"]
[Black "koncheto"]
[Result "0-1"]
[WhiteElo "1857"]
[BlackElo "2522"]
[TimeControl "180+1"]
[EndTime "8:07:46 PDT"]
[Termination "koncheto won on time"]

1. e4 d5 2. exd5 Qxd5 3. Nc3 Qa5 4. d4 c6 5. Nf3 Nf6 6. Bc4 Bf5 7.
Bd2 Qc7 8. O-O e6 9. Re1 Bd6 10. Ne5 O-O 11. Qf3 Bxc2 12. Rac1 Bg6 13. h4 Nbd7 14.
Nxg6 hxg6 15. Bg5 Qa5 16. a3 Rfe8 17. Re2 Rad8 18. Rce1 Nb6 19. Bxf6 gxf6 20. Ba2 Qf5 21. Qxf5 gxf5 22. d5 cxd5 23. Bxd5 Nxd5 24. Nxd5 Kg7 25. Ne3 Be5 26. b4 Rd4 27. g3 Red8 28. f4 Bc7 29. Kg2 Bb6 30. Rc1 Rd2 31. Kf3 R8d3 32. Rxd2 Rxd2 33.
Rc3 Bd4 34. Rb3 b5 35. g4 fxg4+ 36. Nxg4 f5 37. Ne5 Bxe5 38. fxe5 Rd4 39. Kg3 Re4 40. Rc3 Rxe5 0-1

[Event "Early-Titled-Tuesday-Blitz-October-03-2023"]
[Site "Chess.com"]
[Date "2023.10.03"]
[Round "1"]
[White "ChessQueen"]
[Black "elamier"]
[Result "1-0"]
[WhiteElo "2734"]
[BlackElo "2416"]
[TimeControl "180+1"]
[EndTime "8:07:47 PDT"]
[Termination "ChessQueen won on time"]

1. Nf3 d5 2. g3 g6 3. Bg2 Bg7 4. O-O e5 5. d4 e4 6. Ne1 Ne7 7. c4 c6 8. Nc3 O-O 9. Nc2 Nd7 10.
cxd5 cxd5 11. b4 Nb6 12. a4 Be6 13. a5 Nc4 14. Bf4 Rc8 15. Nb5 a6 16. Nba3 h6 17. b5 g5 18. Bc1 Nxa5 19. bxa6 bxa6 20. Rb1 Qd7 21. Nb4 Ra8 22. f3 f5 23. fxe4 dxe4 24.
e3 Rfb8 25. Bd2 Nc4 26. Nxc4 Bxc4 27. Qc2 Bxf1 28. Rxf1 a5 29. Na2 Nd5 30. g4 Rc8 31. Qb3 Rab8 32. Qd1 Rb2 33. Nc1 Rcc2 34. Rf2 Nc3 35.
Bxc3 Rxf2 36. Bxb2 Rxb2 37. Ne2 Qb5 38. Bf1 Rb1 39. Qc2 Rb2 40. Qc8+ Bf8 41. Qe6+ Kg7 42. gxf5 Rxe2 43. f6+ Kh8 44. Qf7 Qb8 45. Bxe2 a4 46.
Bc4 1-0

[Event "Early-Titled-Tuesday-Blitz-October-03-2023"]
[Site "Chess.com"]
[Date "2023.10.03"]
[Round "1"]
[White "EvgenyBurmakin"]
[Black "Let_it_be_1"]
[Result "1-0"]
[WhiteElo "2341"]
[BlackElo "2613"]
[TimeControl "180+1"]
[EndTime "8:07:47 PDT"]
[Termination "EvgenyBurmakin won by resignation"]

1. e4 e6 2. d4 d5 3. Nd2 Nf6 4. e5 Nfd7 5. f4 c5 6. c3 Nc6 7. Ndf3 Qb6 8. g3 Be7 9. Kf2 O-O 10. Kg2 f6 11. Bd3 cxd4 12. cxd4 Kh8 13. Bb1 Qd8 14. Qd3 f5 15. Ne2 Nb6 16. b3 Bd7 17. Bb2 Rc8 18. a3 a5 19. h3 a4 20. Ba2 axb3 21. Bxb3 Na5 22. Ba2 Nac4 23. Bc1 Bb5 24. Rb1 Ba6 25. Qb3 Rc6 26. Rd1 Na5 27. Qe3 Rc2 28. Rd2 Nac4 29. Qb3 Nxd2 30. Qxc2 Nxb1 31. Bxb1 Nc4 32. Qb3 Qb6 33. Qxb6 Nxb6 34. Nc3 Rc8 35. Bd2 Bxa3 36. g4 Bb4 37. gxf5 Bxc3 38. Bxc3 Rxc3 39. fxe6 Kg8 40. f5 Bd3 41. Bxd3 Rxd3 42. f6 gxf6 43. exf6 Re3 44. Ne5 Rxe5 45. dxe5 Kf8 46. e7+ Kf7 47. Kf3 Nd7 48. e6+ Ke8 49.
f7+ Kxe7 50. exd7 1-0

[Event "Early-Titled-Tuesday-Blitz-October-03-2023"]
[Site "Chess.com"]
[Date "2023.10.03"]
[Round "1"]
[White "DanielTitichoca"]
[Black "javierfreilemartin"]
[Result "1-0"]
[WhiteElo "2619"]
[BlackElo "2299"]
[TimeControl "180+1"]
[EndTime "8:07:47 PDT"]
[Termination "DanielTitichoca won on time"]

1. e4 c5 2. Nf3 d6 3. d4 cxd4 4.
Qxd4 e6 5. c4 Nf6 6. Nc3 a6 7.
Be2 Qc7 8. O-O Nbd7 9. b3 b6 10. Bb2 Bb7 11. Rac1 Be7 12. Rfd1 O-O 13. h3 Rfe8 14.
Bd3 Bf8 15. Bb1 Ne5 16. Qe3 Nxf3+ 17. Qxf3 Rac8 18. Ne2 Nd7 19. Qg3 Ne5 20. Nd4 Qc5 21. Kh1 Ng6 22. Nf3 Qh5 23. Kg1 b5 24. cxb5 Qxb5 25.
Bd3 Qa5 26. a3 Rxc1 27. Rxc1 Rc8 28. Rd1 Qb6 29. b4 Bc6 30. Nd4 Ba4 31. Re1 e5 32.
Nf5 Bc2 33. Rc1 Bxd3 34. Rxc8 Bxe4 35. Ne3 Bb7 36. Rc1 a5 37. Nc4 Qb5 38. Nxa5 Bd5 39. Rc8 Be6 40. Rc1 Nf4 41. Qe3 Qd5 42. f3 Bxh3 43.
Nc4 1-0

[Event "Early-Titled-Tuesday-Blitz-October-03-2023"]
[Site "Chess.com"]
[Date "2023.10.03"]
[Round "1"]
[White "Zavgorodniy_Sergiy"]
[Black "invisible_s0ul"]
[Result "0-1"]
[WhiteElo "2601"]
[BlackElo "2304"]
[TimeControl "180+1"]
[EndTime "8:07:48 PDT"]
[Termination "invisible_s0ul won by resignation"]

1. e4 c5 2. Nf3 Nc6 3. Bb5 g6 4. O-O Bg7 5. c3 a6 6. Ba4 b5 7. Bc2 d5 8. e5 Nxe5 9. Nxe5 Bxe5 10. d4 cxd4 11. cxd4 Bg7 12. a4 Bd7 13. Nc3 Nf6 14. Bf4 b4 15. Nb1 a5 16. Nd2 O-O 17. Re1 Rc8 18. Bd3 Re8 19. Nb3 Bc6 20. f3 Qb6 21.
Be5 Nd7 22. Bxg7 Kxg7 23. Kh1 e5 24. dxe5 Nxe5 25. f4 Nc4 26. Qc2 Bxa4 27. Rxe8 Bxe8 28. Qe2 a4 29. Nc1 Bb5 30. f5 Re8 31. Qf1 Nd2 32.
Qd1 Bxd3 33. Qxd2 Bxf5 34. Na2 b3 35. Nc3 d4 36. Ne2 d3 37. Ng3 Qd4 38. h3 Be4 39.
Rc1 Rb8 40. Rc7 Qe5 41. Rc4 Bf5 42. Rf4 Rc8 43. Nxf5+ gxf5 44. h4 Rc2 45. Kh2 Rxd2 46. Kh3 Qxf4 0-1

[Event "Early-Titled-Tuesday-Blitz-October-03-2023"]
[Site "Chess.com"]
[Date "2023.10.03"]
[Round "1"]
[White "SRob2003"]
[Black "drdaro"]
[Result "1-0"]
[WhiteElo "2603"]
[BlackElo "2259"]
[TimeControl "180+1"]
[EndTime "8:07:48 PDT"]
[Termination "SRob2003 won on time"]

1. c4 g6 2. g3 Bg7 3. Bg2 d6 4. Nc3 Nf6 5. Nf3 O-O 6. O-O e5 7. Rb1 a5 8. a3 Nc6 9. b4 axb4 10.
axb4 Bf5 11. d3 e4 12. Nh4 exd3 13. Nxf5 dxe2 14. Qxe2 gxf5 15. b5 Nd4 16. Qd3 c5 17. Bxb7 Ra7 18. Bg2 Re8 19. b6 Rae7 20. b7 Qb8 21.
Be3 Ne4 22. Nd5 Rxb7 23. Rxb7 Qxb7 24. Rb1 Qa7 25. Bxd4 Bxd4 26. Bxe4 fxe4 27. Qe2 Qd7 28. Qh5 Qe6 29. Nc7 Qe5 30. Qg4+ Kf8 31. Nxe8 Kxe8 32. Rb8+ Ke7 33. Rb7+ Kf6 34. Qh4+ Kg7 35. Qg4+ Kf6 36. Qg8 Qe6 37. Qxh7 Qxc4 38. Kg2 Qa2 39. Kh3 Bxf2 40. Qxe4 Bd4 41. Qf4+ Kg7 42. Qg5+ Kh7 43.
Rb8 Qe6+ 44. g4 Qe3+ 45. Qxe3 Bxe3 46. Kg3 Bd4 47. Kf3 c4 48. Ke4 Be5 49. Rc8 c3 50. h4 Kg6 51. Rc4 Kf6 52. Kd5 Kg6 53. Rc7 Kf6 54.
Rc8 Kg6 55. Ke4 Kf6 56. h5 Kg5 57. Rg8+ Kh6 58. Kd3 Bf6 59. Rf8 Kg7 60. Rc8 Be5 61.
Ke4 Kh6 62. Kf5 Kg7 63. g5 Bd4 64. Rc7 Be5 65. g6 Kg8 66. Rxf7 c2 67. Rc7 1-0

[Event "Early-Titled-Tuesday-Blitz-October-03-2023"]
[Site "Chess.com"]
[Date "2023.10.03"]
[Round "1"]
[White "CSB7"]
[Black "Taran2004"]
[Result "1-0"]
[WhiteElo "2757"]
[BlackElo "2431"]
[TimeControl "180+1"]
[EndTime "8:07:49 PDT"]
[Termination "CSB7 won by resignation"]

1. e4 c6 2. Ne2 d5 3. e5 Bf5 4.
Ng3 Bg6 5. h4 h6 6. h5 Bh7 7. e6 fxe6 8. d4 Nf6 9. Bd3 Ne4 10.
Bxe4 dxe4 11. Nc3 Nd7 12. Ngxe4 e5 13. dxe5 Nxe5 14. Qe2 Qa5 15. Bd2 O-O-O 16. O-O-O e6 17. Kb1 Bb4 18. a3 Bxa3 19. bxa3 Qxa3 20. Rh3 Qb4+ 21.
Ka1 Nc4 22. Rb1 Qa5+ 23. Na2 Nxd2 24. Nxd2 Rxd2 25. Qxe6+ Kb8 26. Rhb3 b6 27. Qxc6 Rxc2 28. Rxb6+ axb6 29. Rxb6+ Qxb6 30. Qxb6+ Ka8 31. Qa6+ Kb8 32. Qb6+ Ka8 33. Nb4 Rc1+ 34. Ka2 Rhc8 35. Qa6+ Kb8 36. Qb6+ Ka8 37. Qa6+ Kb8 38. Qb5+ Ka8 39. Qa5+ Kb8 40. Qb5+ Kc7 41. Qe5+ Kd7 42. Qxg7+ Kd6 43. Qxh7 Ra8+ 44. Kb2 Rac8 45. Qxh6+ Ke5 46. Qxc1 Rxc1 47. Kxc1 Kf5 48. g4+ Kxg4 49. h6 Kg5 50. h7 Kf4 51. h8=Q Kf3 52. Qh4 Kg2 53. Qg3+ Kf1 54. f4 Ke2 55. f5 1-0

[Event "Early-Titled-Tuesday-Blitz-October-03-2023"]
[Site "Chess.com"]
[Date "2023.10.03"]
[Round "1"]
[White "ErikRonka"]
[Black "vladislavkovalev"]
[Result "0-1"]
[WhiteElo "2480"]
[BlackElo "2864"]
[TimeControl "180+1"]
[EndTime "8:07:50 PDT"]
[Termination "vladislavkovalev won by resignation"]

1. e4 e5 2. Nf3 Nc6 3. Bb5 a6 4. Ba4 Nf6 5. O-O Be7 6. Re1 b5 7. Bb3 d6 8. a4 Bg4 9. c3 Na5 10. Bc2 b4 11. h3 b3 12. Bd3 Be6 13. Bf1 c5 14. d4 Qc7 15. d5 Bd7 16. c4 Rb8 17.
Bd2 h6 18. Bc3 g5 19. Qd2 Nb7 20. Qe2 Rg8 21. Nfd2 Na5 22. g3 h5 23. Bg2 Kf8 24.
Nf1 Bd8 25. Nbd2 h4 26. Ne3 g4 27. hxg4 Nxg4 28. Nf5 Rb4 29. Bxb4 cxb4 30. Bf3 Bxf5 31. exf5 hxg3 32. Bxg4 gxf2+ 33. Kxf2 Bh4+ 34. Kf1 Bxe1 35. Rxe1 Qe7 36. Ne4 Qh4 37. Nf2 Nb7 38. Qe4 Nc5 39.
Qf3 Qg5 40. Ke2 e4 41. Qe3 Qf6 42. Nd1 Rxg4 43. Rg1 Rxg1 44. Qxg1 Qxf5 45. Qd4 Qf3+ 46. Kd2 Qd3+ 47. Qxd3 Nxd3 48. Ne3 Nxb2 49. Nf5 Nxc4+ 0-1

[Event "Early-Titled-Tuesday-Blitz-October-03-2023"]
[Site "Chess.com"]
[Date "2023.10.03"]
[Round "1"]
[White "Alexei_Gubajdullin"]
[Black "Cheer_Down"]
[Result "1-0"]
[WhiteElo "2731"]
[BlackElo "2409"]
[TimeControl "180+1"]
[EndTime "8:07:50 PDT"]
[Termination "Alexei_Gubajdullin won on time"]

1. d4 d5 2. Nf3 Nf6 3. Bf4 e6 4. e3 c5 5. Nbd2 Nc6 6. c3 cxd4 7. exd4 Nh5 8. Bg5 f6 9. Be3 Bd6 10. g3 O-O 11. Bg2 f5 12. Nb3 f4 13. Bd2 g6 14.
O-O Qf6 15. Nc5 b6 16. Nd3 Ba6 17. Bc1 Qf5 18. Nfe1 f3 19. Bh1 Rac8 20. a4 g5 21. b4 Bc4 22. Qxf3 Bxd3 23. Qxd3 Ne7 24. Bd2 h6 25.
Qxf5 exf5 26. Nd3 Nf6 27. f3 Ng6 28. Rfe1 Rfe8 29. Bg2 Kg7 30. Rxe8 Rxe8 31. Re1 Rxe1+ 32.
Bxe1 g4 33. fxg4 fxg4 34. a5 b5 35. a6 h5 36. Bf1 Ne8 37. Nc5 Nc7 38. Nb7 Be7 39.
Na5 Nxa6 40. Bxb5 Nb8 41. Bd3 Nf8 42. b5 Nfd7 43. Nc6 Bd6 44. c4 dxc4 45. Bxc4 Nb6 46.
Bb3 Nc8 47. Bc3 Kf8 48. Kg2 Nxc6 49. bxc6 Ke7 50. d5 Nb6 51. h3 1-0

[Event "Early-Titled-Tuesday-Blitz-October-03-2023"]
[Site "Chess.com"]
[Date "2023.10.03"]
[Round "1"]
[White "swayamsm"]
[Black "Witty_Alien"]
[Result "1-0"]
[WhiteElo "2587"]
[BlackElo "2232"]
[TimeControl "180+1"]
[EndTime "8:07:52 PDT"]
[Termination "swayamsm won by resignation"]

1. d4 e5 2. dxe5 d6 3. Nf3 Nc6 4. Nc3 Bg4 5. Bg5 Qd7 6. e3 h6 7.
Bh4 Nge7 8. exd6 Nf5 9. Bg3 Nxg3 10. hxg3 Bxd6 11. Be2 O-O-O 12. Qd5 Nb4 13. Qd2 Qf5 14. Nd4 Qg6 15. Ncb5 Bxe2 16. Kxe2 Rhe8 17. Kf1 Nd5 18. Nxa7+ Kb8 19. Ndc6+ bxc6 20. Nxc6+ Kc8 21. Qxd5 Qxc2 22. Nxd8 Rxd8 23. Rh4 Bxg3 24. Qa8+ Kd7 25. Qa4+ Qxa4 26. Rxa4 Bd6 27. Rd4 Rb8 28. b3 Ke7 29. Rc1 Ra8 30.
Rc2 Ra5 31. Re4+ Kd7 32. f4 f5 33. Rec4 g5 34. g3 gxf4 35. exf4 Rd5 36. Kg2 Rd3 37. R4c3 Rd4 38. a4 h5 39. Rc4 Rd3 40. R4c3 Rd1 41. Re3 Ra1 42. Kf3 h4 43. gxh4 Rf1+ 44. Rf2 Rh1 45. Kg3 Kc8 46. Ref3 Bc5 47. Rh2 Rg1+ 48. Rg2 Rh1 49. Rh2 Rg1+ 50. Kh3 Bd6 51. h5 Rg4 52. h6 Bxf4 53. Rxf4 Rxf4 54. h7 Kb7 55. h8=Q 1-0

[Event "Early-Titled-Tuesday-Blitz-October-03-2023"]
[Site "Chess.com"]
[Date "2023.10.03"]
[Round "1"]
[White "Shuvalov"]
[Black "BardArtem"]
[Result "1/2-1/2"]
[WhiteElo "2452"]
[BlackElo "2772"]
[TimeControl "180+1"]
[EndTime "8:07:54 PDT"]
[Termination "Game drawn by repetition"]

1. d4 d5 2. c4 c6 3. Nf3 Nf6 4. e3 Bf5 5. Nc3 e6 6. Nh4 Be4 7. f3 Bg6 8. Nxg6 hxg6 9. Bd2 a6 10. Rc1 Bd6 11. f4 b5 12. b3 Nbd7 13. Bd3 b4 14. Na4 g5 15. O-O gxf4 16. exf4 Ne4 17. Bxe4 dxe4 18. Qe2 Qh4 19. g3 Qh3 20. Rf2 Nf6 21. c5 Bc7 22. Bxb4 Nd5 23. Bd2 f5 24. Nc3 g5 25. Nxd5 exd5 26. Rcf1 Ke7 27. Rg2 g4 28. Qe1 a5 29. a4 Rhb8 30. Qe3 Rb7 31. Rb1 Rab8 32.
Rb2 Ke6 33. Rb1 Qh8 34. Rb2 Ra8 35. Bc3 Bd8 36. Rb1 Qf6 37. Rgb2 Rab8 38. b4 axb4 39. Rxb4 Qe7 40. Rxb7 Rxb7 41. Rxb7 Qxb7 42. Qd2 Qb1+ 43.
Kg2 Qb3 44. a5 Qa4 45. Qb2 Bxa5 46. Bxa5 Qxa5 47. Qb8 Qd2+ 48. Kg1 Qe1+ 49. Kg2 Qe2+ 50. Kg1 Qe1+ 51. Kg2 Qd2+ 52. Kf1 Qd1+ 53. Kg2 Qd2+ 1/2-1/2

[Event "Early-Titled-Tuesday-Blitz-October-03-2023"]
[Site "Chess.com"]
[Date "2023.10.03"]
[Round "1"]
[White "MikeSailer"]
[Black "dcremisi"]
[Result "1/2-1/2"]
[WhiteElo "2156"]
[BlackElo "2525"]
[TimeControl "180+1"]
[EndTime "8:07:54 PDT"]
[Termination "Game drawn by repetition"]

1. d4 d5 2. Bf4 Nf6 3. Nc3 g6 4.
Qd2 Bg7 5. Bh6 O-O 6. Bxg7 Kxg7 7. O-O-O c6 8. f3 b5 9. e3 a5 10. Bd3 a4 11. g4 b4 12. Nce2 b3 13. a3 bxc2 14.
Bxc2 Qb6 15. h4 Nbd7 16. h5 Rb8 17. Bxa4 Ba6 18. Nc3 Rfc8 19. hxg6 fxg6 20. g5 Nh5 21.
Rxh5 gxh5 22. Nh3 Bb5 23. Nf4 Bxa4 24. Nxh5+ Kh8 25. Nxa4 Qb3 26. Nc5 Nxc5 27. dxc5 Qc4+ 28. Kb1 Qxc5 29. g6 Qd6 30. Nf4 e5 31. Rh1 Qxa3 32.
Rxh7+ Kg8 33. Qh2 Rxb2+ 34. Qxb2 Qxb2+ 35. Kxb2 exf4 36. exf4 Rf8 37. Rh4 Kg7 38. Rg4 d4 39. Kb3 c5 40. Kc4 Rf5 41. Rg5 Rxg5 42. fxg5 Kxg6 43.
f4 Kf5 44. Kd3 Kg6 45. Ke4 Kh5 46. Kd3 Kg6 47. Ke4 Kg7 48. f5 Kf7 49. f6 Ke6 50. Kd3 Kf7 51. Kc4 Ke6 52. Kd3 Kf7 53. Ke4 Ke6 54. Kd3 1/2-1/2

[Event "Early-Titled-Tuesday-Blitz-October-03-2023"]
[Site "Chess.com"]
[Date "2023.10.03"]
[Round "1"]
[White "Elsa167"]
[Black "Antik5"]
[Result "1-0"]
[WhiteElo "2924"]
[BlackElo "2502"]
[TimeControl "180+1"]
[EndTime "8:07:55 PDT"]
[Termination "Elsa167 won by checkmate"]

1. d4 Nf6 2. c4 e6 3. Nf3 d5 4.
Nc3 Bb4 5. Bg5 h6 6. Bxf6 Qxf6 7. e3 O-O 8. Rc1 dxc4 9. Bxc4 c5 10. O-O Nc6 11. Ne4 Qg6 12. Bd3 f5 13. Nxc5 b6 14.
Nxe6 Bxe6 15. Rxc6 Rac8 16. Ne5 Qe8 17. Rxc8 Qxc8 18.
Qc1 Bxa2 19. Nc6 Bd6 20. Bc4+ Bxc4 21. Qxc4+ Kh7 22. g3 Qb7 23. Rc1 Rf6 24. b4 b5 25.
Qd5 Bf8 26. Qg2 Qc7 27. d5 Bxb4 28. Qf1 Ba3 29. Rb1 b4 30. Nxb4 Bxb4 31. Rxb4 Qc5 32. Rd4 Rd6 33. Qd3 g6 34. Qb3 h5 35. h4 Kh6 36.
Qb8 Rd7 37. Qh8+ Rh7 38. Qf6 Qe7 39. Qc6 Qc7 40. Qf6 Qe7 41. Qc6 Qc7 42. Qxc7 Rxc7 43. f3 Rd7 44. e4 fxe4 45. fxe4 Kg7 46. e5 Rb7 47. d6 Kf7 48. d7 Rb1+ 49. Kg2 Rb2+ 50.
Kh3 Ke6 51. d8=Q Kxe5 52. Qd6+ Kf5 53. Rf4# 1-0

[Event "Early-Titled-Tuesday-Blitz-October-03-2023"]
[Site "Chess.com"]
[Date "2023.10.03"]
[Round "1"]
[White "erugee"]
[Black "Mikhail_Golubev"]
[Result "0-1"]
[WhiteElo "2253"]
[BlackElo "2599"]
[TimeControl "180+1"]
[EndTime "8:07:55 PDT"]
[Termination "Mikhail_Golubev won on time"]

1. e4 c5 2. Nf3 d6 3. d3 g6 4. Nbd2 Bg7 5. g3 Nf6 6. Bg2 Nc6 7. h4 h6 8. O-O O-O 9. Re1 e5 10. Nf1 d5 11. Qe2 Bg4 12. c3 dxe4 13. dxe4 Qc8 14. Ne3 Be6 15. Nc4 Ne8 16. a4 b6 17.
Be3 Qc7 18. Red1 Rb8 19. Bf1 a6 20. Qc2 b5 21. axb5 axb5 22. Na3 Na7 23. Nb1 Nc8 24.
Ra6 Ned6 25. Nbd2 Ne7 26. Rda1 Ndc8 27. Rxe6 fxe6 28. Ra6 Rb6 29. Ra8 Rb8 30. Ra6 Rb6 31.
Ra8 Rd8 32. Nb3 Rb8 33. Rxb8 Qxb8 34. Nxc5 Nc6 35. Nxe6 Rd6 36. Nxg7 Kxg7 37. Qb3 N8e7 38. Bc5 Rd8 39. Bxe7 Nxe7 40. Bxb5 Qd6 41. Kg2 Rf8 42. Be2 Qf6 43. Qb7 g5 44. hxg5 hxg5 45. g4 Kh8 46.
Qc7 Ng6 47. Qc5 Nf4+ 48. Kf1 Nxe2 49. Qxe5 Qxe5 50. Nxe5 Nc1 51. Ng6+ Kg7 52. Nxf8 Kxf8 0-1

[Event "Early-Titled-Tuesday-Blitz-October-03-2023"]
[Site "Chess.com"]
[Date "2023.10.03"]
[Round "1"]
[White "kingapolak"]
[Black "Rital44"]
[Result "0-1"]
[WhiteElo "1735"]
[BlackElo "2520"]
[TimeControl "180+1"]
[EndTime "8:07:55 PDT"]
[Termination "Rital44 won on time"]

1. e4 c5 2. Nf3 Nc6 3. d4 cxd4 4. Nxd4 Nf6 5. Nc3 e5 6. Ndb5 h6 7. Nd5 Nxd5 8. exd5 a6 9. dxc6 axb5 10. cxd7+ Bxd7 11. Be2 Be7 12. O-O Bc6 13. c3 O-O 14. Qb3 Ra5 15. Be3 Qc7 16. Rfd1 Rfa8 17. a3 Bf8 18. Rac1 Qe7 19.
Bb6 R5a6 20. Be3 Qe8 21. Rd2 Kh8 22. Rcd1 f5 23. f3 f4 24. Bf2 e4 25. fxe4 Bxe4 26.
Bxb5 Qg6 27. Bd4 Re6 28. Bc4 Rd6 29. Bf1 Rad8 30. Re1 Bd5 31. Qc2 Qg5 32. Rf2 Rg6 33. Kh1 Bd6 34. Qd2 h5 35. h3 Qg3 36. Kg1 Rf8 37. Bxg7+ Rxg7 38. Qxd5 Qg6 39. Bd3 Qf6 40. Qxh5+ Kg8 41. Qd5+ Rff7 42. Ref1 Rg5 43. Qc4 Kg7 44. Qe4 Kf8 45. Bc4 Re7 0-1